 Dungeon Crawl Stone Soup version 0.30-a0-913-g9934a0ce24 (webtiles) character file.

Game seed: 11941663695309879591

859 Newt the Skirmisher (level 8, 0/49 HPs)
             Began as a Kobold Hunter on Mar 19, 2023.
             Slain by a gnoll
             ... wielding a +0 flail
             ... led by a gnoll bouda
              (11 damage)
             ... on level 3 of the Dungeon.
             The game lasted 00:03:59 (4253 turns).

Newt the Skirmisher (Kobold Hunter)                 Turns: 4253, Time: 00:04:00

Health: 0/49       AC:  3    Str: 14    XL:     8   Next: 22%
Magic:  8/8        EV: 17    Int: 11    God:
Gold:   246        SH:  0    Dex: 20    Spells: 7/7 levels left

rFire   . . .      SeeInvis .    a - +0 shortbow
rCold   . . .      Faith    .    (shield currently unavailable)
rNeg    . . .      Spirit   .    c - +0 leather armour
rPois   .          Reflect  .    (no helmet)
rElec   .          Rampage  .    (no cloak)
rCorr   .                        (no gloves)
Will    .....                    (no boots)
Stlth   +++                      (no amulet)
HPRegen 0.28/turn                j - +6 ring of strength
MPRegen 0.11/turn                (no ring)

@: no status effects
A: small, no large weapons, nightstalker 3
a: no special abilities


You were on level 3 of the Dungeon.
You visited 1 branch of the dungeon, and saw 5 of its levels.

You collected 246 gold pieces.

Inventory:

Hand Weapons
 a - a +0 shortbow (weapon)
Armour
 c - a +0 leather armour (worn)
Jewellery
 e - a ring of fire
 j - a +6 ring of strength (left hand)
Potions
 b - a potion of magic {unknown}
 d - a potion of resistance
 f - 3 potions of flight
 h - a potion of haste
 i - 2 potions of mutation {unknown}
 k - a potion of brilliance {unknown}
 m - 2 potions of lignification {unknown}
 n - a potion of berserk rage {unknown}


   Skills:
 - Level 5.0 Fighting
 - Level 10.0 Ranged Weapons
 + Level 5.6 Dodging
 - Level 1.3 Stealth


You had 7 spell levels left.
You didn't know any spells.
Your spell library contained the following spells:

 Spells                   Type           Power      Damage    Failure   Level
 Freeze                   Ice            0%         1d3       41%         1
 Scorch                   Fire           0%         2d5       56%         2
 Frozen Ramparts          Ice            0%         1d1       80%         3
 Hailstorm                Conj/Ice       0%         3d3       80%         3
 Flame Wave               Conj/Fire      0%         2d4       99%         4
 Summon Cactus Giant      Summ           0%         N/A       100%        6


Dungeon Overview and Level Annotations

Branches:
Dungeon (5/15)
 Temple: D:4-7

Altars:
Dithmenos
Fedhas
Trog
Yredelemnul
The Shining One

Annotations:
D:5 1 transporter


Innate Abilities, Weirdness & Mutations

You are small and have problems with some larger weapons.
You are completely attuned to the shadows.


Message History

The gnoll hits you from afar with a +0 halberd!
The gnoll attacks as you move away! The gnoll hits you with a +0 flail!
* * * LOW HITPOINT WARNING * * *
The gnoll misses you. The gnoll attacks as you move away!
The gnoll closely misses you. The gnoll barely misses you.
The gnoll attacks as you move away! The gnoll hits you with a +0 flail.
* * * LOW HITPOINT WARNING * * *
The gnoll is no longer moving quickly.
The gnoll attacks as you move away! The gnoll misses you.
There is a stone staircase leading up here.
The gnoll is no longer moving quickly.
You climb upwards.
There is a stone staircase leading down here.
Unknown command.
You shoot an arrow.
The arrow hits the gnoll but does no damage.
The gnoll hits you with a +0 flail.
* * * LOW HITPOINT WARNING * * *
You feel better. The gnoll barely misses you.
You shoot an arrow. The arrow barely misses the gnoll.
The gnoll closely misses you.
You shoot an arrow. The arrow closely misses the gnoll.
The gnoll completely misses you.
You shoot an arrow. The arrow hits the gnoll.
The gnoll is lightly wounded.
The gnoll completely misses you.
You shoot an arrow.
The arrow hits the gnoll but does no damage.
The gnoll is lightly wounded.
The gnoll hits you with a +0 flail.
* * * LOW HITPOINT WARNING * * *
You shoot an arrow.
The arrow hits the gnoll but does no damage.
The gnoll is lightly wounded.
The gnoll misses you.
You shoot an arrow. The arrow hits the gnoll.
The gnoll is heavily wounded.
The gnoll hits you with a +0 flail!
You die...

#'#####.....# #.....##.# ####
............# #.###.##.# #...
........#...#### ##.....##.###.##
........###....###......#........
........# ####.##.......######.#.
........# #.#..#.....######.#.
........######...##.....#........
##########..........###.#.####.##
.........'.....g@...# #.#.....<#.
##########..........# #.#.#)##.#.
#..........# #.#.#.##.#.
#..........# #.#.#.##.#.
#..........# #.#.#.##.#.
############ #.#.#..#.#.
#.#.##.#.#. #.#.##.#.#.
#.#....#.#)


You could see a gnoll.

Vanquished Creatures
  Sigmund (D:5)
  Eustachio (D:5)
  A bullfrog (D:4)
  A scorpion (D:3)
  A howler monkey (D:4)
  A jelly (D:5)
  A gnoll bouda (D:4)
  2 orc priests
  An iguana (D:5)
  An orc wizard (D:3)
  8 gnolls
  7 adders
  A white imp (D:4)
  2 worms
  A dart slug (D:3)
  10 orcs
  5 endoplasms
  2 giant cockroaches
  7 goblins
  5 hobgoblins
  10 jackals
  2 quokkas
  8 ball pythons
  6 bats
  4 frilled lizards
  7 kobolds
  4 rats
  A spectral orc (D:5)
101 creatures vanquished.

Notes
Turn   | Place    | Note
-------+----------+-------------------------------------------
     0 | D:1      | Newt the Kobold Hunter began the quest for the Orb.
     0 | D:1      | Reached XP level 1. HP: 12/12 MP: 1/1
    92 | D:1      | Reached XP level 2. HP: 18/18 MP: 2/2
   488 | D:2      | Found a faded altar of an unknown god.
   619 | D:2      | Reached XP level 3. HP: 23/23 MP: 3/3
   931 | D:2      | Reached XP level 4. HP: 24/30 MP: 4/4
  1134 | D:2      | Reached skill level 5 in Fighting
  1310 | D:2      | Found a glowing golden altar of the Shining One.
  1445 | D:2      | Reached XP level 5. HP: 35/35 MP: 5/5
  1686 | D:3      | Reached skill level 6 in Ranged Weapons
  1733 | D:3      | Reached skill level 7 in Ranged Weapons
  1733 | D:3      | Reached XP level 6. HP: 30/40 MP: 6/6
  2194 | D:3      | You fall into a shaft and drop 2 floors!
  2194 | D:5      | Entered Level 5 of the Dungeon
  2204 | D:5      | Found a shadowy altar of Dithmenos.
  2208 | D:5      | Found a blossoming altar of Fedhas.
  2227 | D:5      | Found a transporter.
  2227 | D:5      | Noticed a gargoyle
  2228 | D:5      | Noticed a black bear
  2230 | D:5      | Noticed an ice beast
  2296 | D:5      | Noticed Sigmund
  2301 | D:5      | Killed Sigmund
  2302 | D:5      | Reached skill level 8 in Ranged Weapons
  2302 | D:5      | Reached XP level 7. HP: 44/44 MP: 7/7
  2308 | D:5      | Noticed Eustachio
  2330 | D:5      | Found a basalt altar of Yredelemnul.
  2345 | D:5      | Killed Eustachio
  2346 | D:5      | Reached skill level 9 in Ranged Weapons
  2433 | D:5      | Reached skill level 10 in Ranged Weapons
  3149 | D:4      | Found a bloodstained altar of Trog.
  3189 | D:4      | Reached XP level 8. HP: 44/49 MP: 8/8
  3474 | D:3      | Reached skill level 5 in Dodging
  4253 | D:3      | Slain by a gnoll

Illustrated notes

Levels and vault maps discovered:
D:1:      minmay_arrival_stone_box, layout_rooms, kennysheep_minor_cross
D:2:      layout_loops_ring, ebering_ecumenical_altar_ruins, basic_altar,
          minivault_24, minmay_misc_feat_pillars, minmay_ruptured
D:3:      layout_basic, hangedman_decor_clover_reticule
D:4:      layout_basic, mainiacjoe_overflow_catwalk
D:5:      cheibrodos_fzero, layout_gridville,
          yredelemnul_forgotten_temple_becter, gammafunk_temple_overflow_arena,
          temple_statues, uniq_ijyb, uniq_sigmund, uniq_eustachio, uniq_menkaure

Skill      XL: |  1  2  3  4  5  6  7  8 |
---------------+-------------------------+-----
Fighting       | 3 4 5 |  5.0
Ranged Weapons | 7 8 10 | 10.0
Dodging        | 4 5 |  5.6
Stealth        | |  1.3

Action                     |  1- 3 |  4- 6 |  7- 9 || total
---------------------------+-------+-------+-------++-------
   Fire: Shortbow          |    76 |    96 |   167 ||   339
    Use: Scroll            |     3 |     6 |     2 ||    11
         Potion            |       |     2 |     3 ||     5
 Armour: Leather armour    |     5 |     9 |    21 ||    35
  Dodge: Dodged            |    27 |    44 |   127 ||   198

Table legend: (Time is in decaauts)
 A = Elapsed time spent in this place.
 B = Non-inter-level travel time spent in this place.
 C = Inter-level travel time spent in this place.
 D = Time resting spent in this place.
 E = Time spent auto-exploring this place.
 F = Levels seen in this place.
 G = Mean time per level.
                   A        B        C        D        E       F      G
               +--------+--------+--------+--------+--------+-----+--------+
         Total |   4308 |   4199 |    109 |    864 |   2690 |   5 |  861.6 |
       Dungeon |   4308 |   4199 |    109 |    864 |   2690 |   5 |  861.6 |
               +--------+--------+--------+--------+--------+-----+--------+

Top non-repeatable levels by time:
     D:2: 1090 daAuts
     D:3: 958 daAuts
     D:4: 906 daAuts
     D:5: 854 daAuts
     D:1: 499 daAuts
